 Dungeon Crawl Stone Soup version 0.28.0-45-g0d030f2227 (webtiles) character file.

Game seed: 300156381134137359

362 Iusername the Covered (level 6, -5/51 (53) HPs)
             Began as a Minotaur Fighter on Apr 7, 2022.
             Slain by a wight
             ... wielding a +0 great sword
              (14 damage)
             ... on level 4 of the Dungeon.
             The game lasted 00:06:24 (3571 turns).

Iusername the Covered (Minotaur Fighter)            Turns: 3571, Time: 00:06:25

HP:   -5/51 (53)    AC:  8    Str: 22    XL:     6   Next: 39%
MP:   5/5           EV:  9    Int:  5    God:
Gold: 91            SH:  4    Dex: 10    Spells: 5/5 levels left

rFire   . . .      SeeInvis .   n - +0 broad axe
rCold   . . .      Faith    .   c - +0 buckler
rNeg    . . .      Spirit   .   b - +0 scale mail
rPois   .          Reflect  .   (helmet restricted)
rElec   .          Harm     .   g - scarf {+Inv}
rCorr   .          Rampage  .   (no gloves)
Will    .....                   i - +0 pair of boots
Stlth   ..........              (no amulet)
HPRegen 0.17/turn               (no ring)
MPRegen 0.09/turn               (no ring)

@: lightly drained
A: horns 2, retaliatory headbutt
a: Evoke Invisibility


You were on level 4 of the Dungeon.
You visited 1 branch of the dungeon, and saw 4 of its levels.

You collected 91 gold pieces.

Inventory:

Hand Weapons
 a - a +0 long sword
 m - a +2 dagger of electrocution
 n - a +0 broad axe (weapon)
Armour
 b - a +0 scale mail (worn)
 c - a +0 buckler (worn)
 g - a scarf of invisibility (worn)
 i - a +0 pair of boots (worn)
Scrolls
 d - a scroll of amnesia {unknown}
 e - 7 scrolls of teleportation {unknown}
 h - 2 scrolls of identify {unknown}
 l - a scroll of noise {unknown}
Potions
 f - 3 potions of heal wounds {unknown}
 j - a potion of brilliance {unknown}
 k - 3 potions of curing {unknown}


   Skills:
 + Level 4.7 Fighting
 + Level 5.3 Long Blades
 + Level 0.4 Axes
 + Level 5.5 Armour
 + Level 1.0 Dodging
 + Level 1.1 Stealth
 + Level 4.3 Shields


You had 5 spell levels left.
You didn't know any spells.
Your spell library contained the following spells:

 Spells                   Type           Power      Damage    Failure   Level
 Animate Armour           Summ/Erth      0%         N/A       100%        4
 Blade Hands              Tmut           0%         N/A       100%        5
 Iron Shot                Conj/Erth      0%         9d1       100%        6


Dungeon Overview and Level Annotations

Branches:
Dungeon (4/15)
 Temple: D:4-7

Altars:


Innate Abilities, Weirdness & Mutations

You have a pair of horns on your head.
You reflexively headbutt those who attack you in melee.


Message History

The kobold shouts!
The kobold throws a stone.
The stone barely misses you.
The kobold throws a stone.
The stone completely misses you.
You hit the kobold.
You headbutt the kobold, but do no damage.
The kobold is severely wounded.
The kobold closely misses you. You block the kobold's attack.
You closely miss the kobold.
The kobold is severely wounded.
The kobold hits you but does no damage.
You slash the kobold!
You kill the kobold!
No target in view!
Things that are here:
a +0 short sword; 3 stones; a kobold corpse 2 wights come into view.
Found a stone staircase leading down.
There are monsters nearby!
A wight comes into view. It is wielding a +0 great sword.
The wight hits you with a +0 morningstar!
You feel drained. The wight barely misses you. You furiously retaliate!
You headbutt the wight. You barely miss the wight.
The wight is moderately damaged.
You hit the wight. You block the wight's attack. The wight closely misses you.
You block the wight's attack. The wight barely misses you.
You hit the wight.
The wight is heavily damaged.
You barely miss the wight. The wight hits you with a +0 dagger.
You block the wight's attack.
You closely miss the wight.
The wight is heavily damaged.
You hit the wight. You slash the wight! You block the wight's attack.
The wight hits you with a +0 morningstar!
The wight closely misses you. You furiously retaliate!
You headbutt the wight.
The wight hits you with a +0 morningstar!
* * * LOW HITPOINT WARNING * * *
The wight closely misses you.
The wight hits you with a +0 great sword!
You die...

#.######## #.......#
#.# #.......# #.#
###...>...####.########
.........##...........
#.......##.#.........
#.......##.######.###
#..zzz..##.# #.# #@#
#.# #)# #.#####.# #.#
#.......# #.# #########
#.# #.# #.# #.# #.#


You could see 3 wights.

Vanquished Creatures
  Sigmund (D:3)
  Natasha (twice) (D:2)
  An orc wizard (D:3)
  4 adders
  A shadow imp (D:3)
  An adder skeleton (D:2)
  2 dart slugs
  9 orcs
  5 ball pythons
  5 endoplasms
  3 giant cockroaches
  3 goblins
  5 hobgoblins
  5 quokkas
  5 bats
  7 frilled lizards
  8 kobolds
  2 rats (D:1)
69 creatures vanquished.

Vanquished Creatures (others)
  10 plants (D:2)
10 creatures vanquished.

Grand Total: 79 creatures vanquished

Notes
Turn   | Place    | Note
-------+----------+-------------------------------------------
     0 | D:1      | Iusername the Minotaur Fighter began the quest for the Orb.
     0 | D:1      | Reached XP level 1. HP: 19/19 MP: 0/0
   194 | D:1      | Reached XP level 2. HP: 27/27 MP: 1/1
   713 | D:1      | Reached XP level 3. HP: 33/33 MP: 2/2
  1450 | D:2      | Found a faded altar of an unknown god.
  1615 | D:2      | Noticed Natasha
  1623 | D:2      | Killed Natasha
  1624 | D:2      | Reached XP level 4. HP: 25/41 MP: 3/3
  1885 | D:2      | Noticed Natasha
  1893 | D:2      | Killed Natasha
  2586 | D:3      | Reached XP level 5. HP: 44/47 MP: 4/4
  2667 | D:3      | Noticed Sigmund
  2675 | D:3      | Killed Sigmund
  2676 | D:3      | Reached skill level 5 in Long Blades
  2676 | D:3      | Reached skill level 5 in Armour
  2676 | D:3      | Reached skill level 1 in Stealth
  2676 | D:3      | Reached XP level 6. HP: 50/53 MP: 5/5
  2983 | D:3      | Reached skill level 1 in Dodging
  3571 | D:4      | Slain by a wight

Illustrated notes

Levels and vault maps discovered:
D:1:      psy_arrival_basics, layout_loops_cross,
          nicolae_concentric_dashed_squares_mild, minmay_misc_feat_chi
D:2:      layout_basic, dilly_ecumenical_altar_fadedgnrine, uniq_natasha
D:3:      layout_basic, uniq_sigmund
D:4:      layout_loops_ring

Skill      XL: |  1  2  3  4  5  6 |
---------------+-------------------+-----
Fighting       | 4 |  4.7
Armour         | 4 5 |  5.5
Long Blades    | 3 4 5 |  5.3
Shields        | 4 |  4.3
Stealth        | 1 |  1.1
Dodging        | 1 |  1.0
Axes           | |  0.4

Action                   |  1- 3 |  4- 6 || total
-------------------------+-------+-------++-------
Melee: Long sword        |    81 |    41 ||   122
       Headbutt          |     9 |     7 ||    16
       Broad axe         |       |    29 ||    29
       Dagger            |       |    12 ||    12
  Use: Potion            |       |     1 ||     1
Armor: Scale mail        |    53 |    31 ||    84
Dodge: Dodged            |    36 |    57 ||    93
Block: Buckler           |    14 |    22 ||    36
